 Dungeon Crawl Stone Soup version 0.30.0-10-gfe55d96785 (webtiles) character file.

Game seed: 1408836754893007326

508 VictoriousLee the Digger (level 6, -9/36 HPs)
             Began as a Deep Elf Chaos Knight on May 14, 2023.
             Was a Plaything of Xom.
             Mangled by a fire crab (glowing shapeshifter) (17 damage)
             ... on level 4 of the Dungeon.
             The game lasted 00:17:25 (2573 turns).

VictoriousLee the Digger (Deep Elf Chaos Knight)    Turns: 2573, Time: 00:17:25

Health: -9/36      AC:  7    Str:  9    XL:     6   Next: 98%
Magic:  8/8        EV: 12    Int: 19    God:    Xom [.....*]
Gold:   293        SH:  0    Dex: 14    Spells: 2/5 levels left

rFire   . . .        a - +0 short sword (chaos)
rCold   . . .        (no shield)
rNeg    . . .        b - +2 leather armour
rPois   .            x - +0 helmet
rElec   .            (no cloak)
rCorr   .            (no gloves)
SInv    .            r - +0 pair of boots
Will    .....        (no amulet)
Stlth   +            (no ring)
HPRegen 0.26/turn    (no ring)
MPRegen 0.11/turn

%: no passive effects
@: no status effects
A: no striking features
a: Renounce Religion


You were on level 4 of the Dungeon.
You worshipped Xom.
You were Xom's teddy bear.
You visited 1 branch of the dungeon, and saw 4 of its levels.
You also visited: Sewer.

You collected 293 gold pieces.

Inventory:

Hand Weapons
 a - a +0 short sword of chaos (weapon)
 D - a +0 falchion
Armour
 b - a +2 leather armour (worn)
 g - a +0 ring mail
 i - a +0 ring mail
 r - a +0 pair of boots (worn)
 u - an orb of mayhem
 x - a +0 helmet (worn)
 A - a +0 robe
Wands
 y - a wand of polymorph (10)
Scrolls
 f - 3 scrolls of brand weapon {unknown}
 h - a scroll of immolation {unknown}
 j - a scroll of amnesia {unknown}
 l - 2 scrolls of magic mapping
 q - a scroll of noise {unknown}
 z - a scroll of torment {unknown}
 B - 6 scrolls of blinking {unknown}
 E - a scroll of teleportation {unknown}
 F - 2 scrolls of enchant armour {unknown}
 G - a scroll of fog {unknown}
Potions
 d - a potion of curing {unknown}
 e - 2 potions of berserk rage
 k - 6 potions of brilliance
 m - a potion of mutation {unknown}
 n - a potion of magic {unknown}
 o - a potion of attraction {unknown}
 p - 2 potions of might
 s - a potion of haste {unknown}
 t - a potion of lignification {unknown}
 v - 2 potions of flight
 w - a potion of degeneration {unknown}
 C - 3 potions of heal wounds {unknown}
Miscellaneous
 c - a piece from Xom's chessboard (4/15) (quivered)


   Skills:
 - Level 2.7 Fighting
 - Level 3.6 Short Blades
 - Level 1.3 Armour
 - Level 3.1 Dodging
 + Level 6.9 Earth Magic


You had 2 spell levels left.
You knew the following spells:

 Your Spells              Type           Power      Damage    Failure   Level
a - Sandblast             Erth           52%        2d12      1%          1
p - Passwall              Tmut/Erth      10%        N/A       11%         2

Your spell library contained the following spells:

 Spells                   Type           Power      Damage    Failure   Level
 Cigotuvi's Dreadful Rot  Necr/Pois/Air  0%         N/A       38%         2
 Stone Arrow              Conj/Erth      26%        3d8       21%         3
 Ignite Poison            Fire/Tmut/Pois 0%         N/A       63%         3
 Ozocubu's Armour         Ice            0%         N/A       63%         3
 Freezing Cloud           Conj/Ice/Air   0%         6-21      100%        5
 Metabolic Englaciation   Hex/Ice        0%         N/A       100%        5
 Simulacrum               Ice/Necr       0%         N/A       100%        6


Dungeon Overview and Level Annotations

Branches:
Dungeon (4/15)             Temple (0/1) D:4           Sewer (visited)

Altars:

Shops:
D:1 =


Message History

The hobgoblin is severely wounded.
The hobgoblin closely misses you.
The hobgoblin hits you but does no damage.
You barely miss the hobgoblin.
The hobgoblin is heavily wounded.
The hobgoblin hits you but does no damage.
You hit the hobgoblin.
You kill the hobgoblin!
The centaur unwields a +0 shortbow.
The centaur hits you but does no damage.
The centaur kicks you but does no damage.
You barely miss the centaur. The centaur hits you.
The centaur kicks you but does no damage.
You hit the centaur.
You feel better.
The centaur is lightly wounded.
Xom makes a sudden noise!
You hear a hideous shriek!
You are now Xom's teddy bear.
The centaur hits you.
The centaur kicks you but does no damage.
You hit the centaur. You burn the centaur.
The centaur is moderately wounded.
The centaur closely misses you. The centaur barely misses you.
You hit the centaur.
The centaur changes into a glowing shapeshifter!
Xom roars with laughter!
The glowing shapeshifter is moderately wounded.
The glowing shapeshifter changes into a death drake!
Non-targeted evoke: piece from Xom's chessboard (6/15)
Press: ? - help, Q - select action, (/) - cycle Dir - look around, f - activate You make a move on Xom's chessboard...
The death drake easily resists.
The death drake changes into a fire crab!
Non-targeted evoke: piece from Xom's chessboard (5/15)
Press: ? - help, Q - select action, (/) - cycle Dir - look around, f - activate You make a move on Xom's chessboard...
The fire crab seems to grow stronger.
An adder comes into view.
The fire crab bites you.
You are engulfed in flames!
* * * LOW HITPOINT WARNING * * *
The fire crab claws you!
You die...
Xom laughs nastily!

###### ######
#.....####### #.....
#...........#######.....
........................
........................
......†@................
......t.................
.......................#
..../..................#
.......................#
.......................#
........#..........#...#
S...?..............#...#
..##......##...#


You could see a fire crab shaped shifter (strong) and an adder (wandering).

Vanquished Creatures
  A hound (D:4)
  4 adders
  2 dart slugs
  14 ball pythons
  6 bats
  3 endoplasms
  4 giant cockroaches
  12 goblins
  7 hobgoblins
  12 jackals
  A kobold (D:3)
  A quokka (D:4)
  8 frilled lizards
  9 rats
84 creatures vanquished.

Vanquished Creatures (collateral kills)
  Eustachio (D:4)
  A black bear (D:4)
  Pargi (Sewer)
  A river rat (D:4)
  A ball python (D:4)
  2 giant cockroaches
  A goblin (D:4)
  A hobgoblin (D:3)
  2 rats (D:4)
11 creatures vanquished.

Grand Total: 95 creatures vanquished

Notes
Turn   | Place    | Note
-------+----------+-------------------------------------------
     0 | D:1      | VictoriousLee the Deep Elf Chaos Knight began the quest for
                  | the Orb.
     0 | D:1      | Reached XP level 1. HP: 13/13 MP: 3/3
   121 | D:1      | Reached skill level 1 in Armour
   191 | D:1      | Reached XP level 2. HP: 15/18 MP: 4/4
   218 | D:1      | XOM: noise
   278 | D:1      | Found a faded altar of an unknown god.
   408 | D:1      | Found Enitusis's Jewellery Boutique.
   720 | D:2      | Reached XP level 3. HP: 22/22 MP: 5/5
   762 | D:2      | XOM: silly message
   776 | D:2      | XOM: cloud trail
   788 | D:2      | Learned a level 1 spell: Sandblast
   998 | D:2      | Reached skill level 1 in Earth Magic
  1080 | D:2      | Reached XP level 4. HP: 27/27 MP: 6/6
  1088 | D:2      | Reached skill level 2 in Earth Magic
  1253 | D:2      | Learned a level 2 spell: Passwall
  1535 | D:3      | XOM: summons friendly quasit
  1976 | D:4      | Noticed a black bear
  1978 | D:4      | Reached skill level 3 in Earth Magic
  1990 | D:4      | XOM: cast spell 'Summon Dragon'
  1993 | D:4      | Killed a black bear
  1994 | D:4      | Reached skill level 4 in Earth Magic
  1994 | D:4      | Reached XP level 5. HP: 25/31 MP: 7/7
  1996 | D:4      | Found a staircase to the Ecumenical Temple.
  1999 | D:4      | Noticed Eustachio
  2006 | D:4      | Killed Eustachio
  2007 | D:4      | Reached skill level 5 in Earth Magic
  2007 | D:4      | Reached XP level 6. HP: 33/36 MP: 8/8
  2051 | D:4      | Found a glowing drain.
  2055 | D:4      | Reached skill level 6 in Earth Magic
  2064 | D:4      | XOM: butterfly on damage
  2069 | Sewer    | Entered a sewer
  2120 | Sewer    | Noticed Pargi
  2136 | Sewer    | XOM: cast spell 'Summon Hydra'
  2138 | Sewer    | Killed Pargi
  2195 | D:4      | XOM: 5-stop teleportation journey
  2385 | D:4      | XOM: god gift: scroll labelled RASY JILAXIEQ {god gift}
  2509 | D:4      | XOM: god gift: 19 gold pieces
  2569 | D:4      | XOM: noise
  2571 | D:4      | a centaur changed into a glowing shapeshifter
  2571 | D:4      | Noticed a glowing shapeshifter (glowing shapeshifter)
  2571 | D:4      | a glowing shapeshifter changed into a death drake
  2571 | D:4      | Noticed a death drake (glowing shapeshifter)
  2572 | D:4      | a death drake changed into a fire crab
  2572 | D:4      | Noticed a fire crab (glowing shapeshifter)
  2573 | D:4      | Mangled by a fire crab (glowing shapeshifter)

Illustrated notes

Levels and vault maps discovered:
D:1:      onia_arrival_pyramid, layout_basic,
          dreamdust_ecumenical_altar_statues, serial_shops, shop
D:2:      layout_rooms, minmay_tetromino_i2
D:3:      layout_basic
D:4:      minmay_recursive_quarters, layout_basic, temple_fountains,
          portal_sewer_entry_c, uniq_eustachio

Skill      XL: |  1  2  3  4  5  6 |
---------------+-------------------+-----
Armour         | 1 |  1.3
Dodging        | 3 |  3.1
Earth Magic    | 1 4 5 6 |  6.9
Fighting       | |  2.7
Short Blades   | |  3.6

Action                     |  1- 3 |  4- 6 || total
---------------------------+-------+-------++-------
  Melee: Short sword       |   168 |   137 ||   305
         Punch             |     1 |     2 ||     3
  Evoke: Piece from Xom's  |    14 |     6 ||    20
    Use: Scroll            |       |     6 ||     6
   Stab: Petrifying        |     2 |       ||     2
         Petrified         |     2 |     1 ||     3
 Armour: Leather armour    |    59 |    74 ||   133
  Dodge: Dodged            |    99 |    87 ||   186
